AoeStats
← [RZ] HardZeeiRa-BR

Arabia

509731758Analyzed
4v4 RM · 4d ago on Sep 27, 2026· 44m 53s· 8 players
Game mode
Random Map
Map size
Large (8 player)
Population
200
Speed
Normal
Resources
Standard
Victory
Conquest
Starting age
Dark Age
Ending age
Imperial Age
RankedLock teamsTeams togetherTeam positionsShared explorationLock speedFull tech treeHidden civsTurbo modeCheats
Victory
Defeat
🇧🇷 Franks · Brazil
1392
+13
🇧🇷 Britons · Brazil
1363
+14
🇧🇷 Ethiopians · Brazil
1293
+17
🇧🇷 Varangians · Brazil
1191
+21
🇮🇹 Malay · Italy
1367
-18
🇮🇹 Mongols · Italy
1321
-17
🇵🇹 Muisca · Portugal
1309
-16
🇵🇱 Ethiopians · Poland
1271
-14
HSL | ilBuonFabio
7:34 Loom
9:29 Feudal Age
9:35 Double-Bit Axe
14:33 Fletching
15:41 Padded Archer Armor
24:03 Castle Age
23:00 Crossbowman
23:39 Bodkin Arrow
25:33 Ballistics
27:10 Leather Archer Armor
28:33 Wheelbarrow
30:14 Thumb Ring
39:57 Imperial Age
39:30 Bracer
40:50 Chemistry
leoverosoad
6:31 Loom
8:30 Feudal Age
9:28 Double-Bit Axe
9:44 Horse Collar
15:25 Scale Barding Armor
18:16 Wheelbarrow
20:41 Bloodlines
20:52 Gold Mining
24:25 Castle Age
22:43 Forging
25:25 Husbandry
28:07 Gold Shaft Mining
28:33 Chain Barding Armor
31:55 Hand Cart
41:38 Imperial Age
kozakeloth
3:20 Loom
9:26 Feudal Age
19:47 Padded Archer Armor
BARAKA wins!
7:37 Loom
8:24 Loom
10:10 Feudal Age
11:04 Double-Bit Axe
11:03 Horse Collar
12:49 Forging
15:22 Gold Mining
18:39 Castle Age
17:31 Champi Runner
19:06 Scale Mail Armor
18:46 Champi Warrior
19:27 Squires
22:32 Chain Mail Armor
23:36 Iron Casting
25:18 Bow Saw
25:32 Stone Mining
27:01 Wheelbarrow
27:47 Heavy Plow
36:40 Herbalism
39:35 Fletching
40:58 Bodkin Arrow
[RZ] Joãozinho
6:33 Loom
9:12 Feudal Age
9:48 Double-Bit Axe
17:20 Fletching
17:58 Padded Archer Armor
24:35 Castle Age
23:29 Gold Mining
25:24 Bodkin Arrow
25:42 Crossbowman
28:34 Horse Collar
29:43 Bow Saw
35:23 Leather Archer Armor
35:43 Elite Skirmisher
38:32 Ballistics
45:02 Imperial Age
44:25 Wheelbarrow
[RZ] HardZeeiRa-BR
5:54 Loom
9:32 Feudal Age
10:25 Double-Bit Axe
14:43 Bloodlines
20:06 Wheelbarrow
21:48 Castle Age
20:40 Forging
21:23 Horse Collar
22:00 Scale Barding Armor
24:17 Chain Barding Armor
32:47 Iron Casting
32:53 Husbandry
36:19 Fletching
43:30 Vendel Legacy
[RZ] James Rocha
8:25 Loom
11:39 Feudal Age
12:18 Double-Bit Axe
14:24 Horse Collar
17:50 Fletching
28:16 Castle Age
26:40 Gold Mining
28:20 Crossbowman
28:57 Bodkin Arrow
29:05 Padded Archer Armor
29:35 Bow Saw
33:09 Leather Archer Armor
33:16 Ballistics
37:36 Thumb Ring
44:43 Imperial Age
[RZ] Icaro
6:15 Loom
9:18 Feudal Age
10:07 Double-Bit Axe
15:17 Forging
17:35 Scale Barding Armor
20:43 Gold Mining
23:31 Castle Age
24:16 Husbandry
25:56 Bow Saw
26:33 Iron Casting
27:24 Chain Barding Armor
33:25 Wheelbarrow
32:36 Town Watch
38:20 Hand Cart
43:20 Gold Shaft Mining
45:39 Imperial Age
44:27 Town Patrol
44:53 Fervor
Connection lost

Rejoining the realm…

Still unreachable

The connection could not be restored.

Session expired

The server has moved on; the page needs a fresh start.